Map: Ephemeron LE

Players

Epic - Winner!

  • Race: Terran Terran
  • Spawn Location: 11:00

BackupN

  • Race: Protoss Protoss
  • Spawn Location: 5:00

VOD

Have the link to the VOD?

Description

Time

  • Played on: Sept. 6, 2019, 12:44 p.m.
  • Length: 11:29
Show
View Real Time Build Order
Export as new Build Order

Epic Terran - Winner!

Build Orders: Reaper Expand 

Get SALT Encoding   

  12  0:00  SCV  
  13  0:12  SCV  
  14  0:17  Supply Depot  
  14  0:24  SCV  
  15  0:38  SCV  
  15  0:40  Barracks  
  16  0:43  Refinery  
  16  0:50  SCV  
  17  1:02  SCV  
  18  1:14  SCV  
  19  1:27  Orbital Command, Reaper  
  20  1:45  Command Center  
  20  1:53  SCV  
  21  1:59  Barracks Reactor  
  21  2:01  Supply Depot  
  21  2:05  SCV  
  22  2:09  Refinery  
  22  2:17  SCV  
  23  2:29  SCV  
  24  2:36  Marine x2  
  26  2:42  SCV  
  26  2:46  Factory  
  26  2:50  Barracks  
  26  2:54  SCV  
  26  2:55  Marine x2  
  29  3:00  Orbital Command  
  29  3:06  SCV  
  30  3:18  Marine x2, SCV  
  33  3:29  SCV, Factory Tech Lab  
  33  3:30  SCV  
  35  3:36  Marine x2  
  35  3:41  Barracks Tech Lab, SCV  
  37  3:42  SCV  
  37  3:47  Supply Depot, Siege Tank  
  41  3:53  SCV  
  41  3:54  SCV, Marine x2  
  45  3:58  Combat Shield, Supply Depot  
  45  4:04  Marauder  
  45  4:05  SCV  
  45  4:06  SCV  
  45  4:09  Supply Depot  
  49  4:12  Marine  
  49  4:13  Engineering Bay, Marine  
  51  4:19  Siege Tank  
  51  4:21  SCV x2  
  56  4:26  Refinery  
  56  4:32  Marauder, Marine  
  56  4:33  SCV x2  
  56  4:34  Marine  
  62  4:42  Supply Depot  
  62  4:45  SCV x2  
  63  4:49  Supply Depot  
  63  4:51  Marine, Terran Infantry Weapons Level 1  
  63  4:52  Marine  
  66  4:59  Marauder  
  68  5:00  SCV  
  68  5:01  SCV  
  68  5:06  Barracks  
  70  5:10  Starport  
  70  5:13  SCV x2  
  72  5:18  Factory Reactor  
  72  5:20  Marine x2  
  74  5:26  SCV x2  
  72  5:30  Bunker  
  72  5:34  Marauder  
  73  5:39  SCV x2  
  73  5:42  Marine x2  
  69  5:51  Stimpack, SCV x2  
  69  5:52  Supply Depot  
  71  6:02  Marine  
  71  6:03  Marauder x2, Marine  
  77  6:04  SCV x2  
  77  6:08  Refinery, Concussive Shells  
  68  6:17  Command Center, SCV x2  
  66  6:25  Marine  
  66  6:26  Marauder x2  
  66  6:29  Marine  
  66  6:30  Medivac  
  74  6:35  Medivac  
  75  6:41  Supply Depot  
  75  6:42  Supply Depot  
  75  6:44  Marine  
  75  6:45  Factory Reactor  
  76  6:48  SCV x2  
  77  6:56  Marauder x2  
  77  7:00  Marine  
  77  7:02  Terran Infantry Armor Level 1, Marine  
  78  7:10  Barracks  
  78  7:11  Barracks, SCV x2  
  80  7:18  Medivac  
  80  7:21  Medivac  
  84  7:23  Marauder, Marine x2  
  84  7:24  SCV x2  
  84  7:27  Marauder  
  92  7:30  Orbital Command  
  92  7:38  SCV  
  92  7:39  Widow Mine x2  
  96  7:45  Missile Turret  
  96  7:46  SCV, Missile Turret  
  96  7:48  Missile Turret  
  96  7:50  Marine x2, SCV  
  99  7:51  Marauder x2  
  99  7:58  SCV x2  
  100  7:59  Barracks Tech Lab, Barracks Reactor  
  100  8:02  SCV  
  102  8:07  Medivac x2  
  102  8:11  Widow Mine x2, Marine x2  
  112  8:14  Supply Depot, SCV x3  
  112  8:15  Supply Depot  
  115  8:20  Missile Turret  
  115  8:21  Marauder x2  
  115  8:27  Marine  
  119  8:29  Marine  
  119  8:30  SCV x3  
  119  8:33  Marine  
  123  8:36  Liberator  
  123  8:38  Marine x2  
  101  8:42  Widow Mine x2  
  101  8:43  Marauder x2  
  101  8:44  Marine  
  101  8:47  Marine  
  105  8:52  Marine  
  105  8:54  Liberator  
  108  8:56  Refinery, Marine  
  108  8:57  Refinery  
  109  9:03  Marauder  
  109  9:04  Marauder x2  
  109  9:05  Marine x2  
  115  9:10  Marine  
  115  9:15  Marine  
  120  9:20  Supply Depot x2  
  120  9:23  Marine x2  
  124  9:24  Marauder  
  124  9:25  Marauder x2  
  124  9:27  Barracks  
  124  9:28  Barracks x2, Marine  
  129  9:32  Marine  
  129  9:37  Liberator  
  130  9:40  Marine  
  130  9:41  Marine  
  130  9:45  Armory  
  134  9:46  Marauder, Engineering Bay, Marine  
  134  9:47  Marauder x2  
  134  9:50  Marine  
  143  10:02  Supply Depot  
  143  10:05  Marine  
  143  10:06  Marine x2  
  148  10:07  Marauder  
  148  10:08  Marauder x2  
  148  10:11  Command Center  
  152  10:14  Marine  
  152  10:15  Widow Mine x2  
  152  10:16  Liberator  
  152  10:20  Liberator  
  157  10:28  Marauder, Marine x3  
  161  10:29  Marauder  
  161  10:30  Marauder  
  169  10:50  Marauder, Marine x2  
  169  10:51  Marauder  
  169  10:54  Marauder  
  161  11:01  Marine x2  
  139  11:08  Marine x2  
Show
View Real Time Build Order
Export as new Build Order

BackupN Protoss 

Build Orders: 1 Gate Expand 

Get SALT Encoding   

  12  0:01  Probe  
  13  0:13  Probe  
  14  0:18  Pylon  
  14  0:25  Probe  
  15  0:33  Probe  
  15  0:37  Gateway  
  15  0:41  Probe  
  16  0:47  Assimilator  
  17  0:51  Probe  
  18  1:03  Probe  
  19  1:15  Probe  
  20  1:25  Nexus  
  20  1:35  Cybernetics Core  
  20  1:40  Assimilator  
  20  1:44  Probe  
  21  1:50  Pylon  
  21  1:56  Probe  
  22  2:01  Stalker  
  22  2:12  Warp Gate, Probe  
  25  2:24  Probe  
  25  2:28  Robotics Facility  
  26  2:35  Probe  
  26  2:39  Probe  
  26  2:43  Probe  
  27  2:47  Probe  
  27  2:50  Stalker  
  31  2:51  Probe  
  31  2:56  Probe  
  32  3:00  Pylon  
  32  3:03  Probe  
  33  3:10  Stalker  
  33  3:18  Robotics Bay  
  33  3:21  Probe x2  
  37  3:31  Warp Prism  
  39  3:34  Probe  
  39  3:44  Probe  
  39  3:47  Probe  
  41  3:52  Shield Battery  
  41  3:54  Pylon  
  41  3:57  Disruptor, Probe  
  41  3:59  Probe  
  41  4:00  Stalker  
  48  4:10  Probe  
  48  4:11  Probe  
  48  4:12  Assimilator  
  48  4:15  Gravitic Drive  
  50  4:22  Probe  
  50  4:23  Probe  
  52  4:26  Gateway  
  52  4:31  Disruptor  
  50  4:35  Probe x2  
  52  4:39  Gateway  
  55  4:48  Pylon  
  55  4:49  Pylon  
  55  4:51  Stalker  
  57  4:57  Probe  
  58  5:11  Disruptor  
  61  5:22  Stalker x2  
  65  5:42  Stalker  
  63  6:04  Disruptor  
  64  6:12  Stalker x3  
  64  6:17  Gateway  
  70  6:20  Gateway  
  70  6:22  Gateway  
  65  6:30  Disruptor  
  57  6:33  Probe x2  
  57  6:38  Stalker x3  
  65  6:45  Assimilator  
  66  7:01  Stalker x3  
  72  7:12  Forge  
  72  7:17  Disruptor, Probe x2  
  72  7:19  Nexus  
  72  7:21  Pylon, Twilight Council  
  74  7:23  Pylon  
  77  7:31  Probe, Protoss Ground Weapons Level 1  
  77  7:34  Pylon  
  77  7:36  Pylon  
  78  7:38  Pylon  
  78  7:40  Stalker  
  78  7:41  Stalker x2  
  84  8:30  Stalker  
  84  8:31  Stalker  
  67  8:42  Stalker x4  
  71  8:52  Probe x3  
  71  8:54  Charge  
  74  9:05  Disruptor  
  74  9:08  Stalker x3  
  74  9:09  Stalker x2  
  84  9:15  Gateway, Probe x3  
  90  9:18  Gateway  
  90  9:20  Gateway  
  90  9:30  Probe x2  
  92  9:31  Disruptor  
  92  9:32  Assimilator  
  92  9:36  Assimilator  
  92  9:37  Zealot x6  
  107  9:47  Probe  
  107  9:48  Probe x2  
  107  9:52  Pylon  
  110  9:54  Pylon  
  111  10:00  Probe  
  111  10:04  Zealot x6  
  123  10:10  Disruptor  
  123  10:12  Probe  
  127  10:24  Probe  
  114  10:35  Stalker  
  114  10:36  Stalker  
  109  11:02  Zealot x4  
  109  11:03  Zealot  
  89  11:22  Zealot x2  
  89  11:23  Zealot x4  
Tags
 
Add a new tag
Caveats
  • Supply blocks, unpowered buildings, or Contaminate may cause inaccurate times.
  • Supply counts are checked every 10 seconds.